 Dungeon Crawl Stone Soup version 0.29-a0-997-gf6f7e2dfe7 (webtiles) character file.

Game seed: 14942921294376957700

365 leavemydog the Chopper (level 6, 0/53 HPs)
             Began as a Hill Orc Fighter on Aug 5, 2022.
             Slain by Duvessa
             ... wielding a +6 vampiric short sword
              (7 damage)
             ... on level 4 of the Dungeon.
             The game lasted 00:04:19 (2735 turns).

leavemydog the Chopper (Hill Orc Fighter)           Turns: 2735, Time: 00:04:21

Health: 0/53       AC:  9    Str: 21    XL:     6   Next: 68%
Magic:  6/6        EV:  9    Int:  8    God:
Gold:   108        SH:  4    Dex: 10    Spells: 5/5 levels left

rFire   . . .      SeeInvis .   a - +1 war axe
rCold   . . .      Faith    .   c - +0 buckler
rNeg    . . .      Spirit   .   b - +0 scale mail
rPois   +          Reflect  .   u - +2 hat of Space {Contam rPois Will+ Stlth+}
rElec   .          Harm     .   (no cloak)
rCorr   .          Rampage  .   (no gloves)
Will    +....                   (no boots)
Stlth   +.........              (no amulet)
HPRegen 0.17/turn               (no ring)
MPRegen 0.10/turn               (no ring)

@: mighty
A: no striking features
a: no special abilities


You were on level 4 of the Dungeon.
You visited 1 branch of the dungeon, and saw 4 of its levels.

You collected 108 gold pieces.

Inventory:

Hand Weapons
 a - a +1 war axe (weapon)
Armour
 b - a +0 scale mail (worn)
 c - a +0 buckler (worn)
 u - the +2 hat of Space (worn) {Contam rPois Will+ Stlth+}
   (You found it on level 3 of the Dungeon)

   rPois:     It protects you from poison.
   Contam:    It causes magical contamination when unequipped.
   Will:      It increases your willpower.
   Stlth:     It makes you more stealthy.
Wands
 q - a wand of flame (20)
 t - a wand of paralysis (6)
Scrolls
 e - a scroll of noise
 h - 2 scrolls of enchant weapon
 n - a scroll of vulnerability {unknown}
 o - a scroll of blinking {unknown}
 p - a scroll of fog {unknown}
 v - a scroll of fear {unknown}
 w - a scroll of magic mapping {unknown}
Potions
 d - a potion of might
 f - 2 potions of lignification
 g - 2 potions of haste
 i - a potion of attraction {unknown}
 k - a potion of mutation {unknown}
 l - a potion of heal wounds {unknown}
 r - a potion of berserk rage {unknown}
 s - a potion of magic


   Skills:
 + Level 4.7 Fighting
 * Level 7.4 Axes
 + Level 4.1 Armour
 + Level 4.0 Shields


You had 5 spell levels left.
You didn't know any spells.
Your spell library contained the following spells:

 Spells                   Type           Power      Damage    Failure   Level
 Call Canine Familiar     Summ           0%         N/A       99%         3
 Portal Projectile        Hex/Tloc       0%         N/A       99%         3
 Leda's Liquefaction      Hex/Erth       0%         N/A       100%        4
 Olgreb's Toxic Radiance  Pois           0%         N/A       100%        4
 Ozocubu's Refrigeration  Ice            0%         4d7       100%        7
 Ignition                 Fire           0%         3d3       100%        8


Dungeon Overview and Level Annotations

Branches:
Dungeon (4/15)
 Temple: D:4-7

Altars:
Okawaru
Trog

Annotations:
D:4 Dowan, Duvessa


Message History

Duvessa hits you with a +6 vampiric short sword!
Duvessa draws strength from your wounds!
You hit Duvessa.
Duvessa is heavily wounded.
Duvessa barely misses you.
You hit Duvessa but do no damage.
Duvessa is heavily wounded.
Duvessa hits you with a +6 vampiric short sword.
Duvessa draws strength from your wounds!
You barely miss Duvessa.
Duvessa is moderately wounded.
You closely miss Dowan. Duvessa closely misses you. Dowan casts a spell at you.
You resist with almost no effort.
You barely miss Duvessa.
Duvessa is moderately wounded.
You slash Dowan! Duvessa barely misses you. Dowan closely misses you.
Dowan hits you with a +0 dagger. Duvessa barely misses you.
You barely miss Duvessa.
Duvessa is moderately wounded.
You barely miss Dowan.
Duvessa hits you with a +6 vampiric short sword.
Duvessa draws strength from your wounds!
Dowan casts a spell at you. The puff of frost hits you!
You hit Duvessa.
Duvessa is moderately wounded.
You closely miss Dowan.
Duvessa hits you with a +6 vampiric short sword!
* * * LOW HITPOINT WARNING * * *
Dowan hits you but does no damage.
It was a potion of magic.
Magic courses through your body.
Duvessa gestures with her weapon.
Duvessa hits you with a +6 vampiric short sword.
* * * LOW HITPOINT WARNING * * *
Dowan hits you but does no damage.
You feel very mighty all of a sudden.
Duvessa says, "When magic and the sword combine, nothing stands against them."
Duvessa hits you with a +6 vampiric short sword!
You die...

#.###.#.#.# ###
..## #.....#(#.#
#######.#.# #
#.......#.# .# #
#.....#.#.##.###.#
#.#.#...........
#..........#...#
###.#.....#.#..#
#.###.$#@e.# #
#...#e#.!..#
#....#...#.# #....
...# ....... #...
######## ####


You could see Duvessa and Dowan.

Vanquished Creatures
  An ice beast (D:3)
  A scorpion (D:4)
  An orc priest (D:3)
  2 hounds
  Robin (D:2)
  3 adders
  3 worms
  A dart slug (D:2)
  5 orcs
  2 ball pythons (D:1)
  2 bats
  7 endoplasms
  7 giant cockroaches
  12 hobgoblins
  A quokka (D:2)
  4 frilled lizards
  10 goblins
  7 kobolds
  4 rats
74 creatures vanquished.

Notes
Turn   | Place    | Note
-------+----------+-------------------------------------------
     0 | D:1      | leavemydog the Hill Orc Fighter began the quest for the
                  | Orb.
     0 | D:1      | Reached XP level 1. HP: 19/19 MP: 1/1
   101 | D:1      | Found a faded altar of an unknown god.
   118 | D:1      | Reached skill level 3 in Axes
   118 | D:1      | Reached XP level 2. HP: 22/27 MP: 2/2
   938 | D:2      | Reached XP level 3. HP: 28/33 MP: 3/3
   940 | D:2      | Reached skill level 4 in Axes
  1019 | D:2      | Reached XP level 4. HP: 40/40 MP: 4/4
  1218 | D:2      | Noticed Robin
  1226 | D:2      | Killed Robin
  1229 | D:2      | Reached skill level 5 in Axes
  1242 | D:2      | Reached XP level 5. HP: 40/46 MP: 5/5
  1689 | D:3      | Reached skill level 6 in Axes
  1699 | D:3      | Identified the +2 hat of Space {Contam rPois Will+ Stlth+}
  1940 | D:3      | Noticed an ice beast
  1949 | D:3      | Killed an ice beast
  1950 | D:3      | Reached XP level 6. HP: 42/53 MP: 6/6
  2115 | D:3      | Found a bloodstained altar of Trog.
  2181 | D:3      | Identified the +0 pair of gloves of the Leaping Gods {Str+4
                  | Dex+7 Slay+3}
  2472 | D:3      | Reached skill level 7 in Axes
  2722 | D:4      | Found an iron altar of Okawaru.
  2722 | D:4      | Noticed Duvessa
  2722 | D:4      | Noticed Dowan
  2735 | D:4      | Slain by Duvessa

Illustrated notes

Levels and vault maps discovered:
D:1:      dpeg_arrival_another_circle, layout_basic,
          shapermc_ecumenical_altar_starsandcircs, minmay_misc_feat_tower
D:2:      layout_basic, uniq_robin
D:3:      layout_basic, mainiacjoe_overflow_alcove_1,
          minmay_misc_feat_diagonals, st_stairs_14
D:4:      layout_basic, okawaru_metal_pillars_3, overflow_temple_1_default,
          uniq_duvessa, uniq_natasha

Skill      XL: |  1  2  3  4  5  6 |
---------------+-------------------+-----
Axes           | 3 4 5 6 7 |  7.4
Fighting       | 4 |  4.7
Armour         | 4 |  4.1
Shields        | 4 |  4.0

Action                   |  1- 3 |  4- 6 || total
-------------------------+-------+-------++-------
Melee: War axe           |    42 |   156 ||   198
  Use: Scroll            |       |     5 ||     5
       Potion            |       |     2 ||     2
Armor: Scale mail        |    12 |    69 ||    81
Dodge: Dodged            |    20 |    55 ||    75
Block: Buckler           |     7 |    35 ||    42

Table legend: (Time is in decaauts)
 A = Elapsed time spent in this place.
 B = Non-inter-level travel time spent in this place.
 C = Inter-level travel time spent in this place.
 D = Time resting spent in this place.
 E = Time spent auto-exploring this place.
 F = Levels seen in this place.
 G = Mean time per level.
                   A        B        C        D        E       F      G
               +--------+--------+--------+--------+--------+-----+--------+
         Total |   2791 |   2719 |     72 |    242 |   2014 |   4 |  697.8 |
       Dungeon |   2791 |   2719 |     72 |    242 |   2014 |   4 |  697.8 |
               +--------+--------+--------+--------+--------+-----+--------+

Top non-repeatable levels by time:
     D:3: 1037 daAuts
     D:1: 940 daAuts
     D:2: 576 daAuts
     D:4: 238 daAuts
